 Dungeon Crawl Stone Soup version 0.30-a0-576-g89cddaab80 (webtiles) character file.

Game seed: 14194378466449307015

5187 lunkers the Basher (level 11, -5/88 HPs)
             Began as a Meteoran Reaver on Dec 31, 2022.
             Was a Believer of Makhleb.
             Slain by a komodo dragon (17 damage)
             ... on level 2 of the Lair of Beasts.
             The game lasted 00:13:44 (4149 turns).

lunkers the Basher (Meteoran Reaver)                Turns: 4149, Time: 00:13:44

Health: -5/88      AC: 18    Str: 19    XL:     11   Next: 13%
Magic:  16/16      EV: 17    Int: 14    God:    Makhleb [**....]
Gold:   232        SH:  8    Dex: 13    Spells: 9/15 levels left

rFire   . . .      SeeInvis .    b - +4 flail (protect)
rCold   . . .      Faith    .    u - +0 kite shield
rNeg    + . .      Spirit   .    C - +0 acid dragon scales
rPois   .          Reflect  .    l - +0 helmet
rElec   .          Harm     .    s - +2 cloak {Will+}
rCorr   +          Rampage  .    (no gloves)
Will    ++...                    (no boots)
Stlth   +                        (no amulet)
HPRegen 0.34/turn                c - +5 ring of evasion
MPRegen 0.15/turn                B - ring of positive energy

@: under a protective aura, glowing
A: sense surroundings 2, otherworldly, glowing, explore regen
a: Renounce Religion, Minor Destruction


You were on level 2 of the Lair of Beasts.
You worshipped Makhleb.
Makhleb was pleased with you.
You visited 2 branches of the dungeon, and saw 10 of its levels.

You collected 232 gold pieces.

Inventory:

Hand Weapons
 a - a +2 heavy mace
 b - a +4 flail of protection (weapon)
 k - a +2 whip of draining
Armour
 l - a +0 helmet (worn)
 s - a +2 cloak of willpower (worn)
 u - a +0 kite shield (worn)
 C - +0 acid dragon scales (worn)
 E - +0 steam dragon scales
Jewellery
 c - a +5 ring of evasion (left hand)
 d - a ring of fire
 B - a ring of positive energy (right hand)
Wands
 g - a wand of charming (8)
 h - a wand of acid (8)
 v - a wand of roots (1)
Scrolls
 e - 3 scrolls of amnesia
 i - 3 scrolls of fear
 m - a scroll of poison
 x - 2 scrolls of teleportation
Potions
 f - 4 potions of mutation
 n - a potion of haste
 z - 2 potions of curing {unknown}
 A - a potion of attraction {unknown}
 D - 2 potions of heal wounds
 F - 2 potions of flight


   Skills:
 + Level 5.2 Fighting
 - Level 14.0 Maces & Flails
 + Level 3.1 Armour
 + Level 5.8 Dodging
 * Level 3.1 Shields
 - Level 2.6 Spellcasting
 - Level 6.0 Conjurations
 - Level 1.5 Necromancy
 + Level 4.3 Translocations
 + Level 5.5 Invocations
 - Level 5.0 Evocations


You had 9 spell levels left.
You knew the following spells:

 Your Spells              Type           Power      Damage    Failure   Level
b - Momentum Strike       Conj/Tloc      32%        3d8       16%         2
c - Hailstorm             Conj/Ice       10%        3d5       61%         3
p - Kiss of Death         Conj/Necr      48%        2d9       19%         1

Your spell library contained the following spells:

 Spells                   Type           Power      Damage    Failure   Level
 Stone Arrow              Conj/Erth      20%        3d8       61%         3
 Sandblast                Erth           2%         2d4       65%         1
 Ensorcelled Hibernation  Hex/Ice        2%         N/A       80%         2
 Passwall                 Tmut/Erth      0%         N/A       80%         2
 Spider Form              Tmut/Pois      1%         N/A       95%         3
 Anguish                  Hex/Necr       2%         N/A       100%        4


Dungeon Overview and Level Annotations

Branches:
Dungeon (8/15) Zot: 870    Temple (0/1) D:6            Lair (2/5) D:8 Zot: 1033
  Swamp: Lair:2-3    Shoals: Lair:2-3     Snake: Lair:2-3    Spider: Lair:2-3

Altars:
Elyvilon
Makhleb
Sif Muna
Wu Jian
Xom
Zin

Annotations:
D:8 3 runed translucent doors, hikkokomori's ghost, novice DsCj


Innate Abilities, Weirdness & Mutations

You passively map the area around you.
You are easily found by Zot.
You glow in the dark.
You regain HP and MP as you explore.


Message History

The komodo dragon seems to be corroded for longer.
The komodo dragon is heavily wounded.
The bolt of acid hits the komodo dragon!
The acid corrodes the komodo dragon!
The komodo dragon is severely wounded.
You block the komodo dragon's attack.
Unknown command.
You sock the komodo dragon!
The komodo dragon is severely wounded.
The komodo dragon bites you but does no damage.
The komodo dragon barely misses you.
You closely miss the komodo dragon.
The komodo dragon is severely wounded.
The komodo dragon bites you!!
* * * LOW HITPOINT WARNING * * *
The komodo dragon completely misses you.
You barely miss the komodo dragon.
The komodo dragon is severely wounded.
The komodo dragon closely misses you. The komodo dragon barely misses you.
You thump the komodo dragon!
The komodo dragon is almost dead.
You block the komodo dragon's attack. The komodo dragon bites you!
* * * LOW HITPOINT WARNING * * *
You hit the komodo dragon.
The komodo dragon is almost dead.
The komodo dragon bites you.
* * * LOW HITPOINT WARNING * * *
You block the komodo dragon's attack.
Aiming: Fastroot
Press: ? - help, Shift-Dir - straight line, f/p - komodo dragon
Aim: a komodo dragon (almost dead, covered in acid)
The roots erupt in riotous growth!
Roots grab the komodo dragon. x2
The grasping roots constrict the komodo dragon. x2
You kill the komodo dragon!
Makhleb accepts your kill.
You feel better.
You hear an angry hiss. x4
The komodo dragon bites you!
You die...

,, ............... ,
............... , , , *
,............... , *
............#... ,
........$....#...
................. ,,
................. *
*........l....... *
....#..@......##* , * **
......#........#* , * *
................# , ,,,, *
..............#.#.,
.............†..## , *
...............†..#.. *
#....................... ,
,
.........................
#...................##..#.
,


You could see a komodo dragon (corroded, rooted).

Vanquished Creatures
  A two-headed ogre (D:8)
  A black mamba (Lair:2)
  4 komodo dragons
  5 yaks
  3 steam dragons
  A warg (D:8)
  A water moccasin (Lair:2)
  Edmund (D:6)
  An orc warrior (D:8)
  2 sky beasts
  An ogre (D:8)
  A wolf (D:8)
  A kobold brigand (D:8)
  5 bullfrogs
  2 gnoll sergeants
  A scorpion (D:6)
  An electric eel (D:6)
  A howler monkey (D:4)
  2 jellies
  Crazy Yiuf (D:3)
  A gnoll bouda (D:7)
  4 orc priests
  2 iguanas
  5 orc wizards
  18 gnolls
  6 adders
  A shadow imp (D:6)
  3 white imps
  An ufetubus (D:6)
  2 worms
  2 dart slugs
  13 orcs
  3 endoplasms
  A giant cockroach (D:1)
  A goblin (D:1)
  5 hobgoblins
  6 jackals
  5 kobolds
  A ball python (D:2)
  6 bats
  2 frilled lizards
  A rat (D:1)
125 creatures vanquished.

Vanquished Creatures (collateral kills)
  Grum (D:8)
  A warg (D:8)
  An orc priest (D:8)
3 creatures vanquished.

Vanquished Creatures (others)
  An acid dragon (D:8)
  A wolf (D:8)
  An orc priest (D:8)
  An orc wizard (D:8)
  An orc (D:8)
  2 kobolds (D:8)
7 creatures vanquished.

Grand Total: 135 creatures vanquished

Notes
Turn   | Place    | Note
-------+----------+-------------------------------------------
     0 | D:1      | lunkers the Meteoran Reaver began the quest for the Orb.
     0 | D:1      | Reached XP level 1. HP: 17/17 MP: 5/5
   159 | D:1      | Reached XP level 2. HP: 8/20 MP: 3/6
   165 | D:1      | HP: 1/20 [hobgoblin (2)]
   320 | D:1      | Reached XP level 3. HP: 14/21 MP: 8/8
   345 | D:1      | Learned a level 2 spell: Momentum Strike
   349 | D:1      | Learned a level 3 spell: Hailstorm
   441 | D:2      | Reached skill level 1 in Necromancy
   469 | D:2      | Reached XP level 4. HP: 23/31 MP: 9/9
   543 | D:2      | Reached skill level 5 in Maces & Flails
   989 | D:3      | Reached XP level 5. HP: 38/41 MP: 10/10
  1030 | D:4      | Reached skill level 1 in Translocations
  1102 | D:4      | Found a glowing silver altar of Zin.
  1102 | D:4      | Noticed an angel
  1155 | D:4      | Reached skill level 5 in Conjurations
  1184 | D:4      | Reached skill level 6 in Maces & Flails
  1523 | D:3      | Found a runed translucent door.
  1524 | D:3      | Noticed Crazy Yiuf
  1550 | D:3      | Killed Crazy Yiuf
  1551 | D:3      | Reached XP level 6. HP: 28/48 MP: 11/11
  1811 | D:5      | Entered Level 5 of the Dungeon
  1943 | D:5      | Noticed an ogre
  2060 | D:5      | Found a burning altar of Makhleb.
  2141 | D:5      | Became a worshipper of Makhleb the Destroyer
  2236 | D:6      | Reached skill level 7 in Maces & Flails
  2236 | D:6      | Reached XP level 7. HP: 54/55 MP: 12/12
  2257 | D:6      | Noticed Edmund
  2279 | D:6      | Killed Edmund
  2398 | D:6      | Found a staircase to the Ecumenical Temple.
  2463 | D:6      | Reached skill level 8 in Maces & Flails
  2509 | D:6      | Reached XP level 8. HP: 59/61 MP: 13/13
  2528 | D:6      | Reached * piety under Makhleb
  2548 | D:6      | Found an ornate altar of the Wu Jian Council.
  2551 | D:6      | Found a white marble altar of Elyvilon.
  2551 | D:6      | Found a snail-covered altar of Cheibriados.
  2553 | D:6      | Found a burning altar of Makhleb.
  2553 | D:6      | Found a shimmering altar of Xom.
  2553 | D:6      | Found a shimmering blue altar of Sif Muna.
  2597 | D:6      | Reached skill level 1 in Evocations
  2811 | D:7      | Reached skill level 9 in Maces & Flails
  3066 | D:7      | Reached skill level 10 in Maces & Flails
  3205 | D:7      | Noticed a steam dragon
  3213 | D:7      | Killed a steam dragon
  3214 | D:7      | Gained mutation: You passively map the area around you.
                  | [Meteoran growth]
  3214 | D:7      | Reached XP level 9. HP: 13/43 MP: 8/14
  3370 | D:8      | Found a runed translucent gate.
  3370 | D:8      | Found a runed translucent gate.
  3370 | D:8      | Found a runed translucent gate.
  3371 | D:8      | Noticed hikkokomori's ghost (novice DsCj)
  3388 | D:8      | Reached skill level 11 in Maces & Flails
  3393 | D:8      | Noticed Grum
  3398 | D:8      | Reached skill level 5 in Evocations
  3399 | D:8      | Killed Grum
  3400 | D:8      | Reached skill level 12 in Maces & Flails
  3457 | D:7      | Reached skill level 13 in Maces & Flails
  3589 | D:8      | Found a staircase to the Lair.
  3621 | D:8      | Noticed a two-headed ogre
  3629 | D:8      | Killed a two-headed ogre
  3630 | D:8      | Reached skill level 14 in Maces & Flails
  3630 | D:8      | Reached XP level 10. HP: 77/77 MP: 15/15
  3643 | D:8      | Reached ** piety under Makhleb
  3861 | D:8      | Reached skill level 1 in Armour
  3871 | D:8      | Reached skill level 5 in Dodging
  3976 | Lair:1   | Entered Level 1 of the Lair of Beasts
  4003 | Lair:1   | Noticed a komodo dragon
  4015 | Lair:1   | Killed a komodo dragon
  4016 | Lair:1   | Reached skill level 1 in Shields
  4016 | Lair:1   | Reached skill level 5 in Invocations
  4021 | Lair:1   | Identified the +2 leather armour of the Solstice {*Slow
                  | rPois Str+6 SInv}
  4036 | Lair:1   | Noticed a komodo dragon
  4048 | Lair:1   | Killed a komodo dragon
  4056 | Lair:1   | Reached skill level 5 in Fighting
  4075 | Lair:2   | Noticed a black mamba
  4087 | Lair:2   | Killed a black mamba
  4088 | Lair:2   | Reached XP level 11. HP: 54/86 MP: 16/16
  4149 | Lair:2   | Slain by a komodo dragon

Illustrated notes

Levels and vault maps discovered:
D:1:      dpeg_arrival_castle, layout_basic
D:2:      layout_rooms, minmay_crystal_room
D:3:      layout_basic, uniq_crazy_yiuf_cottage
D:4:      layout_loops_ring, zin_angel
D:5:      layout_basic, lightli_temple_of_fire, bloody_trog,
          dreamdust_princess_corridor, roderic_roman_lattice
D:6:      layout_loops_ring, doesnt_xom_only_xom, minmay_temple_entry_tees,
          serial_demonic, serial_demonic_g, serial_demonic_f, serial_demonic_f,
          serial_demonic_c, kennysheep_generic_room_3, uniq_edmund
D:7:      layout_gridville, kennysheep_small_spiral
D:8:      layout_gridville, erik_lair_orcish_takeover, gammafunk_ghost_cemetery,
          chequers_decorated_corner, uniq_grum
Lair:1:   layout_regular_city
Lair:2:   layout_cave_shapes, nicolae_spider_entry_orb_guardian,
          beast_lair_carwin_1

Skill      XL: |  1  2  3  4  5  6  7  8  9 10 11 |
---------------+----------------------------------+-----
Conjurations   | 4 5 6 |  6.0
Necromancy     | 1 |  1.5
Maces & Flails | 5 6 7 8 10 14 | 14.0
Translocations | 1 2 3 4 |  4.3
Evocations     | 3 5 |  5.0
Fighting       | 3 5 |  5.2
Dodging        | 3 5 |  5.8
Invocations    | 2 5 |  5.5
Armour         | 2 3 |  3.1
Shields        | 2 3 |  3.1
Spellcasting   | |  2.6

Action                   |  1- 3 |  4- 6 |  7- 9 | 10-12 || total
-------------------------+-------+-------+-------+-------++-------
Melee: Mace              |    60 |    39 |       |       ||    99
       Whip              |       |    92 |    17 |       ||   109
       Punch             |       |     1 |     1 |       ||     2
       Flail             |       |       |   124 |   149 ||   273
 Cast: Kiss of Death     |     3 |       |     4 |       ||     7
       Hailstorm         |       |       |     3 |       ||     3
Evoke: Wand              |       |       |    14 |     5 ||    19
  Use: Scroll            |       |       |     9 |     2 ||    11
       Potion            |       |       |     1 |       ||     1
Armor: Leather armour    |    13 |    22 |       |       ||    35
       Ring mail         |       |     6 |    50 |       ||    56
       Skin              |       |       |    11 |       ||    11
       Steam dragon scal |       |       |     6 |    13 ||    19
       Acid dragon scale |       |       |       |    17 ||    17
Dodge: Dodged            |    61 |    88 |    90 |    63 ||   302
Block: Kite shield       |       |       |       |    17 ||    17

Table legend: (Time is in decaauts)
 A = Elapsed time spent in this place.
 B = Non-inter-level travel time spent in this place.
 C = Inter-level travel time spent in this place.
 D = Time resting spent in this place.
 E = Time spent auto-exploring this place.
 F = Levels seen in this place.
 G = Mean time per level.
                   A        B        C        D        E       F      G
               +--------+--------+--------+--------+--------+-----+--------+
         Total |   4095 |   3514 |    581 |      0 |   2338 |  10 |  409.5 |
       Dungeon |   3929 |   3348 |    581 |      0 |   2315 |   8 |  491.1 |
          Lair |    166 |    166 |      0 |      0 |     23 |   2 |   83.0 |
               +--------+--------+--------+--------+--------+-----+--------+

Top non-repeatable levels by time:
     D:7: 724 daAuts
     D:1: 592 daAuts
     D:6: 580 daAuts
     D:3: 555 daAuts
     D:4: 461 daAuts
     D:8: 455 daAuts
     D:5: 355 daAuts
     D:2: 205 daAuts
  Lair:1: 96 daAuts
  Lair:2: 69 daAuts
